 Dungeon Crawl Stone Soup version 0.23.0-3-gf3c87f2 (console) character file.

Game seed: 12573710256694374788

277 fly the Ogre Mage (level 6, -8/53 HPs)
             Began as an Ogre Fire Elementalist on Feb 24, 2019.
             Mangled by an iguana (10 damage)
             ... on level 3 of the Dungeon.
             The game lasted 00:08:03 (3025 turns).

fly the Ogre Mage (Ogre Fire Elementalist)          Turns: 3025, Time: 00:08:04

Health: -8/53      AC:  3    Str: 13    XL:     6   Next: 25%
Magic:  8/12       EV: 13    Int: 16    God:
Gold:   158        SH:  0    Dex: 11    Spells: 6/13 levels left

rFire    . . .     SeeInvis .   a - +3 short sword (flame)
rCold    . . .     Gourm    .   (no shield)
rNeg     . . .     Faith    .   y - +0 robe
rPois    .         Spirit   .   (helmet restricted)
rElec    .         Reflect  .   (no cloak)
rCorr    .         Harm     .   (gloves unavailable)
MR       .....                  (boots unavailable)
Stlth    ++........             (no amulet)
HPRegen  0.17/turn              p - +2 ring of evasion
MPRegen  0.13/turn              (no ring)

@: no status effects
A: large, unfitting armour, tough skin 1
a: no special abilities


You were on level 3 of the Dungeon.
You were not hungry.

You visited 1 branch of the dungeon, and saw 4 of its levels.

You collected 158 gold pieces.

Inventory:

Hand Weapons
 a - a +3 short sword of flaming (weapon)
 w - a +0 blowgun
Armour
 y - a +0 robe (worn)
Jewellery
 p - a +2 ring of evasion (left hand)
Scrolls
 b - a scroll of amnesia {unknown}
 e - a scroll of teleportation
 g - a scroll of noise {unknown}
 j - 3 scrolls of identify
 l - 2 scrolls of fear {unknown}
 m - a scroll of remove curse {unknown}
 n - a scroll of immolation {unknown}
Potions
 d - a potion of berserk rage {unknown}
 f - a potion of agility {unknown}
 h - 2 potions of invisibility {unknown}
 i - 3 potions of curing
 k - a potion of flight {unknown}
 o - a potion of haste {unknown}
 r - a potion of ambrosia {unknown}
Comestibles
 c - 7 rations


   Skills:
 - Level 3.2 Dodging
 - Level 1.4 Stealth
 + Level 4.4 Spellcasting
 - Level 3.3 Conjurations
 - Level 3.0 Fire Magic


You had 6 spell levels left.
You knew the following spells:

 Your Spells              Type           Power        Failure   Level  Hunger
c - Conjure Flame         Conj/Fire      ##......     13%         3    ###....
n - Inner Flame           Hex/Fire       #.......     26%         3    ###....
z - Flame Tongue          Conj/Fire      ##...        4%          1    None

Your spell library contained the following spells:

 Spells                   Type           Power        Failure   Level  Hunger
 Throw Flame              Conj/Fire      ##....       7%          2    ##.....
 Sticky Flame             Conj/Fire      ##......     41%         4    ####...
 Fireball                 Conj/Fire      ##........   77%         5    ######.


Dungeon Overview and Level Annotations

Branches:
Dungeon (4/15)
 Temple: D:4-7

Altars:
Ashenzari
Sif Muna
Yredelemnul
The Shining One


Innate Abilities, Weirdness & Mutations

You are too large for most types of armour.
You have tough skin. (AC +1)


Message History

The iguana is almost dead.
The iguana closely misses you.
Casting: Flame Tongue (safe; 4% risk of failure)
Confirm with . or Enter, or press ? or * to list all spells.
Aiming: Flame Tongue (safe; 4% risk of failure)
Press: ? - help, Shift-Dir - straight line, f/p - iguana
Aim: an iguana (almost dead)
The flame tongue hits the iguana.
The iguana is almost dead.
The iguana bites you!
* * * LOW HITPOINT WARNING * * *
Casting: Flame Tongue (safe; 4% risk of failure)
Confirm with . or Enter, or press ? or * to list all spells.
Aiming: Flame Tongue (safe; 4% risk of failure)
Press: ? - help, Shift-Dir - straight line, f/p - iguana
Aim: an iguana (almost dead)
The flame tongue hits the iguana but does no damage.
The iguana is almost dead.
The iguana bites you!
You die...

##### ### #...# #.# #
#...###.# ###
#.[.....#############..
###.........#.........#
#.....###.#......####
#...@.##.........# ##
#..##l##.........# #.
#..##.##.........# #.
###..#..###.######## #.
#<#.....###.##########.
#.#.##.>...............
#.#.............######.
#.#.##.................
#...........###.######.


You could see an iguana.

Vanquished Creatures
  A hungry ghost (D:3)
  A worker ant (D:3)
  4 gnolls
  An adder (D:2)
  2 worms (D:3)
  2 dart slugs
  2 leopard geckos
  2 orcs (D:3)
  A ball python (D:2)
  4 giant cockroaches
  3 goblins
  6 hobgoblins
  A jackal (D:3)
  3 quokkas
  2 bats (D:3)
  5 frilled lizards
  14 kobolds
  A quokka zombie (D:3)
  9 rats
64 creatures vanquished.

Notes
Turn   | Place    | Note
-------+----------+-------------------------------------------
     0 | D:1      | fly the Ogre Fire Elementalist began the quest for the Orb.
     0 | D:1      | Reached XP level 1. HP: 16/16 MP: 3/3
    63 | D:1      | Reached skill level 1 in Conjurations
   153 | D:1      | Reached XP level 2. HP: 24/24 MP: 3/5
   725 | D:2      | Reached XP level 3. HP: 28/31 MP: 7/7
   742 | D:2      | Learned a level 3 spell: Conjure Flame
   746 | D:2      | Learned a level 3 spell: Inner Flame
   868 | D:2      | Reached skill level 3 in Spellcasting
   998 | D:2      | Found a basalt altar of Yredelemnul.
  1442 | D:3      | Reached XP level 4. HP: 39/39 MP: 2/8
  1889 | D:3      | Found a deep blue altar of Sif Muna.
  2264 | D:3      | Found a glowing golden altar of the Shining One.
  2384 | D:3      | Reached XP level 5. HP: 45/45 MP: 8/10
  2403 | D:3      | Noticed a hungry ghost
  2433 | D:3      | Killed a hungry ghost
  2433 | D:3      | Reached skill level 4 in Spellcasting
  2433 | D:3      | Reached XP level 6. HP: 45/53 MP: 4/12
  2517 | D:3      | Found a shattered altar of Ashenzari.
  2594 | D:4      | Noticed a hungry ghost
  3024 | D:3      | HP: 2/53 [iguana (12)]
  3025 | D:3      | Mangled by an iguana

Skill      XL: |  1  2  3  4  5 |
---------------+----------------+-----
Conjurations   | 1 2 3 |  3.3
Dodging        | 2 3 |  3.2
Fire Magic     | 3 |  3.0
Spellcasting   | 3 4 |  4.4
Stealth        | |  1.4

Action                   |  1- 3 |  4- 6 || total
-------------------------+-------+-------++-------
Melee: Unarmed           |     9 |       ||     9
       Short sword       |    27 |    19 ||    46
 Cast: Flame Tongue      |    51 |    75 ||   126
       Conjure Flame     |       |     3 ||     3
  Use: Scroll            |       |     3 ||     3
 Stab: Sleeping          |       |     1 ||     1
  Eat: Chunk             |     2 |     5 ||     7
       Ration            |       |     1 ||     1
Armor: Robe              |    10 |    10 ||    20
Dodge: Dodged            |    27 |    45 ||    72
